 Dungeon Crawl Stone Soup version 0.24-a0-584-g9d6b971 (console) character file.

Game seed: 15618449550063674726, levelgen mode: deterministic

9 vegansnacktivist the Insei (level 2, 9/21 HPs)
             Began as a Demonspawn Transmuter on Sept 6, 2019.
             Quit the game on level 1 of the Dungeon.
             The game lasted 00:00:38 (84 turns).

vegansnacktivist the Insei (Demonspawn Transmuter)    Turns: 84, Time: 00:00:38

Health: 9/21       AC:  2    Str: 10    XL:     2   Next: 6%
Magic:  5/5        EV: 12    Int: 14    God:
Gold:   0          SH:  0    Dex: 13    Spells: 4/5 levels left

rFire    . . .     SeeInvis .     - Unarmed
rCold    . . .     Gourm    .   (no shield)
rNeg     . . .     Faith    .   b - +0 robe
rPois    .         Spirit   .   (no helmet)
rElec    .         Reflect  .   (no cloak)
rCorr    .         Harm     .   (no gloves)
MR       .....                  (no boots)
Stlth    +.........             (no amulet)
HPRegen  0.07/turn              (no ring)
MPRegen  0.09/turn              (no ring)

@: no status effects
A: hooves 1
a: no special abilities


You were on level 1 of the Dungeon.
You were not hungry.

You visited 1 branch of the dungeon, and saw 1 of its levels.

Inventory:

Missiles
 a - 12 arrows
Armour
 b - a +0 robe (worn)
Potions
 c - a potion of berserk rage {unknown}
Comestibles
 d - a ration


   Skills:
 - Level 1.0 Fighting
 - Level 1.7 Dodging
 + Level 3.3 Unarmed Combat
 - Level 2.0 Spellcasting
 - Level 1.7 Transmutations


You had 4 spell levels left.
You knew the following spells:

 Your Spells              Type           Power        Failure   Level  Hunger
a - Beastly Appendage     Tmut           #.....       12%         1    ##.....

Your spell library contained the following spells:

 Spells                   Type           Power        Failure   Level  Hunger
 Sticks to Snakes         Tmut           #.......     17%         2    ###....
 Spider Form              Tmut/Pois      #.........   45%         3    ####...
 Ice Form                 Ice/Tmut       #.......     86%         4    #####..
 Blade Hands              Tmut           #.........   97%         5    ######.


Dungeon Overview and Level Annotations

Branches:
Dungeon (1/15)

Altars:


Innate Abilities, Weirdness & Mutations

You have large cloven feet.


Message History

You have reached level 2!
Your demonic ancestry asserts itself...
Your feet thicken and deform.
The kobold closely misses you.
You barely miss the kobold.
The kobold hits you with a +0 short sword.
You are too injured to fight recklessly!
You are too injured to fight recklessly!
You are too injured to fight recklessly!
You are too injured to fight recklessly!
You are too injured to fight recklessly!
You are too injured to fight recklessly!
You are too injured to fight recklessly!
You are too injured to fight recklessly!
You hit the kobold.
You kill the kobold!
Found a short sword.
Things that are here:
a +0 short sword; a kobold corpse Are you sure you want to abandon this character and quit the game? (Confirm with "yes".)

.........# ##
........... .#
..........#####.#
........... .....
.).....)..###....
..........[...#..#
........†.###.#..#
........).....#..#
.....$.@..###.#..#
.. #.#########
#†#..# .# # #.#..#
.#.# #.#.†##.#.#.
#....#......
###..#.....[
#....##.##
#.#.......
#.#..##.##


There were no monsters in sight!

Vanquished Creatures
  A leopard gecko (D:1)
  A bat (D:1)
  3 jackals (D:1)
  A kobold (D:1)
  2 rats (D:1)
8 creatures vanquished.

Notes
Turn   | Place    | Note
-------+----------+-------------------------------------------
     0 | D:1      | vegansnacktivist the Demonspawn Transmuter began the quest
                  | for the Orb.
     0 | D:1      | Reached XP level 1. HP: 15/15 MP: 3/3
    59 | D:1      | Reached skill level 3 in Unarmed Combat
    79 | D:1      | Gained mutation: You have large cloven feet. [demonic
                  | ancestry]
    79 | D:1      | Reached XP level 2. HP: 12/21 MP: 5/5
    84 | D:1      | Quit the game

Levels and vault maps discovered:
D:1:      dpeg_arrival_rooms_c, layout_basic, grunt_decor_fettered

Skill      XL: |  1 |
---------------+----+-----
Unarmed Combat | 3 |  3.3
Fighting       | |  1.0
Dodging        | |  1.7
Spellcasting   | |  2.0
Transmutations | |  1.7

Action                   || total
-------------------------++-------
Melee: Unarmed           ||    25
       Kick              ||     1
 Cast: Beastly Appendage ||     1
Armor: Robe              ||     4
Dodge: Dodged            ||    25

Table legend:
 A = Non-vault XP
 B = Vault XP
 C = Vault XP percentage of total XP
 D = Non-vault monster count
 E = Vault monster count
 F = Vault count percentage of total count
                 A         B        C        D         E       F
            +---------+---------+-------+---------+---------+-------
      Total |      14 |       0 |   0.0 |       8 |       0 |   0.0
            +---------+---------+-------+---------+---------+-------
        D:1 |      14 |       0 |   0.0 |       8 |       0 |   0.0
            +---------+---------+-------+---------+---------+-------
